 Dungeon Crawl Stone Soup version 0.18-a0-1028-g6e46bd4 (webtiles) character file.

733 MrRokkomies the Basher (level 7, -3/66 HPs)
             Began as an Ogre Skald on Jan 9, 2016.
             Killed from afar by an orc wizard (9 damage)
             ... with a puff of frost
             ... on level 4 of the Dungeon.
             The game lasted 00:14:28 (4264 turns).

MrRokkomies the Basher (Ogre Skald)                 Turns: 4264, Time: 00:14:30

Health: -3/66      AC:  4    Str: 23    XL:     7   Next: 74%
Magic:  10/10      EV:  9    Int: 13    God:
Gold:   81         SH:  0    Dex:  9    Spells: 4 memorised, 2 levels left

rFire  . . .     SeeInvis .     a - +3 whip (elec)
rCold  . . .     Gourm    .     b - +0 robe
rNeg   . . .     Faith    .     (no shield)
rPois  .         Spirit   .     (helmet restricted)
rElec  .         Dismiss  .     m - +0 cloak
rCorr  .         Reflect  .     (gloves unavailable)
SustAt .         Harm     .     (boots unavailable)
MR     .....                    (no amulet)
Stlth  +.........               (no ring)
                                (no ring)

@: mighty, lethally poisoned (-3 -> -9), not resistant to hostile enchantments,
very unstealthy
A: unfitting armour, tough skin 1
a: no special abilities


You were on level 4 of the Dungeon.
You were hungry.

You visited 1 branch of the dungeon, and saw 4 of its levels.

You collected 81 gold pieces.

Inventory:

Hand Weapons
 a - a +3 whip of electrocution (weapon)
 u - a +0 giant club
Missiles
 e - 123 stones (quivered)
 j - 5 javelins of returning
Armour
 b - a +0 robe (worn)
 m - a +0 cloak (worn)
Jewellery
 k - an uncursed amulet of guardian spirit
Scrolls
 h - 4 scrolls of amnesia
 l - a scroll of magic mapping
 s - a scroll of fog
Potions
 i - a potion of cure mutation
Books
 c - a book of Battle

   Spells                             Type                      Level
   a - Infusion                       Charms                       1
   b - Shroud of Golubria             Charms/Translocation         2
   c - Song of Slaying                Charms                       2
   d - Spectral Weapon                Hexes/Charms                 3
   e - Regeneration                   Charms/Necromancy            3
 r - a book of Annihilations

   Spells                             Type                      Level
   a - Poison Arrow                   Conjuration/Poison           6
   b - Chain Lightning                Conjuration/Air              8
   c - Lehudib's Crystal Spear        Conjuration/Earth            8
   d - Glaciate                       Conjuration/Ice              9
   e - Fire Storm                     Conjuration/Fire             9
Comestibles
 d - a bread ration
 f - a chunk of flesh
 g - 3 fruits
 o - 2 meat rations


   Skills:
 - Level 2.6 Fighting
 * Level 8.0 Maces & Flails
 - Level 1.3 Dodging
 - Level 2.4 Spellcasting
 * Level 3.7 Hexes
 - Level 3.0 Charms


You had 2 spell levels left.
You knew the following spells:

 Your Spells              Type           Power        Failure   Level  Hunger
a - Infusion              Chrm           #.....       10%         1    #......
b - Shroud of Golubria    Chrm/Tloc      #.........   21%         2    ###....
c - Spectral Weapon       Hex/Chrm       ##......     17%         3    ###....
d - Song of Slaying       Chrm           #.......     12%         2    ###....


Dungeon Overview and Level Annotations

Branches:
Dungeon (4/15)
 Temple: D:4-7

Altars:
Elyvilon
Kikubaaqudgha
Nemelex Xobeh
Xom
Zin

Annotations:
D:2 Natasha


Innate Abilities, Weirdness & Mutations

You are too large for most types of armour.
You have tough skin (AC +1).


Message History

Drink which item? (? for menu, Esc to quit)
It was a potion of poison.
That liquid tasted very nasty...
You are poisoned.
You feel sick. Something hits you.
* * * LOW HITPOINT WARNING * * *
Drink which item? (? for menu, Esc to quit)
It was a potion of might.
You feel very mighty all of a sudden.
You feel sick.
You hear some strange, mumbled words.
A magic dart appears from out of thin air!
The magic dart hits you!
* * * LOW HITPOINT WARNING * * *
You miss something.
* * * LOW HITPOINT WARNING * * *
You feel sick.
You hear some strange, mumbled words.
A puff of frost appears from out of thin air!
The puff of frost hits you!
You die...

#...[). ....... #......
....... #...... .......
####### ....... .....
####### ... #.....#
######.######.###.# ...
......o{@.......#.# #..
######.##.....#...#####..
... #.###.........#..
..... #...........#.#..
#...... #####....#..#.#..
#...... ....#....#.#..
#...... ##...#.####....
......# #...#.. ###.#
....#.. #....


You could see an orc.

Vanquished Creatures
  Grinder (D:3)
  3 ogres (D:4)
  Crazy Yiuf (D:2)
  An orc wizard (D:3)
  Terence (D:2)
  Natasha (twice) (D:2)
  Robin (D:4)
  3 gnolls (D:2)
  2 adders
  3 giant geckos
  9 orcs
  8 giant cockroaches
  16 goblins
  8 hobgoblins
  3 jackals (D:2)
  A ball python (D:2)
  8 bats
  5 giant newts
  11 kobolds
  12 rats
99 creatures vanquished.

Vanquished Creatures (others)
  An orc (D:3)
  A quokka (D:3)
  A ball python (D:3)
  A kobold (D:3)
  A plant (D:1)
5 creatures vanquished.

Grand Total: 104 creatures vanquished

Notes
Turn   | Place    | Note
--------------------------------------------------------------
     0 | D:1      | MrRokkomies the Ogre Skald began the quest for the Orb.
     0 | D:1      | Reached XP level 1. HP: 22/22 MP: 3/3
   233 | D:1      | Reached skill level 3 in Maces & Flails
   261 | D:1      | Reached XP level 2. HP: 29/29 MP: 5/5
   269 | D:1      | Learned a level 2 spell: Shroud of Golubria
   671 | D:1      | Reached XP level 3. HP: 23/36 MP: 3/6
   693 | D:1      | Learned a level 3 spell: Spectral Weapon
  1315 | D:1      | Reached skill level 4 in Maces & Flails
  1567 | D:2      | Reached XP level 4. HP: 37/44 MP: 4/7
  1861 | D:2      | Found a glowing silver altar of Zin.
  1865 | D:2      | Noticed Terence
  1874 | D:2      | Killed Terence
  2129 | D:2      | Noticed Natasha
  2133 | D:2      | Killed Natasha
  2133 | D:2      | Reached skill level 5 in Maces & Flails
  2133 | D:2      | Reached skill level 1 in Hexes
  2133 | D:2      | Reached XP level 5. HP: 31/50 MP: 8/8
  2261 | D:2      | Found an ancient bone altar of Kikubaaqudgha.
  2274 | D:2      | Found a shimmering altar of Xom.
  2422 | D:2      | Noticed Natasha
  2431 | D:2      | Killed Natasha
  2644 | D:2      | Noticed Crazy Yiuf
  2652 | D:2      | Killed Crazy Yiuf
  2692 | D:2      | Noticed Natasha
  2838 | D:3      | Found a sparkling altar of Nemelex Xobeh.
  2911 | D:3      | Found a white marble altar of Elyvilon.
  2941 | D:3      | Noticed Grinder
  2949 | D:3      | Paralysed by Grinder for 2 turns
  2956 | D:3      | Killed Grinder
  2956 | D:3      | Reached skill level 6 in Maces & Flails
  2956 | D:3      | Reached XP level 6. HP: 42/59 MP: 9/9
  3047 | D:3      | Learned a level 2 spell: Song of Slaying
  3534 | D:3      | Reached XP level 7. HP: 57/66 MP: 10/10
  3765 | D:4      | Noticed Robin
  4043 | D:4      | Killed Robin
  4043 | D:4      | Reached skill level 7 in Maces & Flails
  4236 | D:4      | Reached skill level 8 in Maces & Flails
  4264 | D:4      | Killed from afar by an orc wizard

Vault maps used:
D:1:      dpeg_chamrin_arrival_tetris, lexackson_kobold_supper
D:2:      zin_academy, nicolae_overflow_hidden_temple, uniq_terence,
          uniq_crazy_yiuf_cottage, uniq_natasha
D:3:      nemelex_deck, elyvilon_altar_4, uniq_grinder
D:4:      lemuel_doored_altar, minmay_misc_feat_tiny, uniq_robin

Action                   |  1- 3 |  4- 6 |  7- 9 || total
-------------------------+-------+-------+-------++-------
Melee: Mace              |    85 |       |       ||    85
       Whip              |    31 |   112 |    81 ||   224
Throw: Stone             |     7 |     1 |     3 ||    11
       Javelin           |       |    13 |       ||    13
 Cast: Shroud of Golubri |     3 |     2 |     5 ||    10
       Infusion          |       |       |     1 ||     1
  Use: Scroll            |     2 |     6 |     1 ||     9
       Potion            |       |       |     4 ||     4
  Eat: Chunk             |     2 |     6 |     3 ||    11
